AoeStats
← frestrepo.7

African Clearing

505542899Analyzed
2v2 RM · 22d ago on Sep 9, 2026· 36m 20s· 4 players
Game mode
Random Map
Map size
Medium (4 player)
Population
200
Speed
Normal
Resources
Standard
Victory
Conquest
Starting age
Dark Age
Ending age
Imperial Age
RankedLock teamsTeams togetherTeam positionsShared explorationLock speedFull tech treeHidden civsTurbo modeCheats
Victory
Defeat
🇨🇴 Berbers · Colombia
1019
+13
🇵🇪 Persians · Peru
971
+15
🇨🇴 Hindustanis · Colombia
1000
-48
🇺🇸 Franks · United States
904
-24
frestrepo.7
15:18 Loom
17:19 Feudal Age
18:07 Man-at-Arms
23:22 Double-Bit Axe
24:46 Wheelbarrow
danielirurita
16:50 Feudal Age
31:17 Man-at-Arms
hispa_will
5:51 Loom
15:36 Feudal Age
16:26 Double-Bit Axe
18:21 Scale Barding Armor
27:18 Castle Age
25:32 Fletching
28:25 Bodkin Arrow
30:02 Ballistics
29:39 Crossbowman
30:54 Kamandaran
35:47 Thumb Ring
andres_sag7
4:14 Loom
16:02 Feudal Age
16:32 Double-Bit Axe
21:12 Bloodlines
21:34 Scale Barding Armor
22:11 Forging
22:12 Horse Collar
22:47 Gold Mining
23:38 Wheelbarrow
24:56 Wheelbarrow
28:09 Castle Age
28:54 Heavy Plow
29:05 Bow Saw
29:32 Gold Shaft Mining
29:38 Chain Barding Armor
29:38 Husbandry
30:50 Iron Casting
35:27 Hand Cart
Connection lost

Rejoining the realm…

Still unreachable

The connection could not be restored.

Session expired

The server has moved on; the page needs a fresh start.